cohdb
Replays
Latest Replays
All Replays
Popular Replays
Top Player Replays
Match Explorer
How It Works
Community
CoH3 Stats
Reddit
Sign in to upload your games and track your stats! →
Sign in with Steam
Match 42263091
Unlisted
Match 42263091
Overview
Messages
Build Orders
End
Royal Engineer Section
Construct Section Command Post
Selects Canadian Shock Battlegroup
Dingo Light Scout Car
Infantry Section
Infantry Section
Infantry Section
Selects Attacking Spirit
Construct Platoon Command Post
6-pounder Anti-tank Gun Team
Selects Canadian Shock Section
Selects Incendiary Munitions
Canadian Shock Section
Construct Field Infirmary
Construct Company Command Post
Selects Pyrotechnics
Crusader II Medium Tank
Foot Guards Section
Crusader II Medium Tank
Selects Churchill Crocodile Heavy Tank
Big Bear
BIOHAZARD
0
0
Comments
sign in to comment!
No comments posted yet!